 Dungeon Sprint DCSS version 0.32-a0-876-gcfddb08e57 (webtiles) character file.

Game seed: 11731349152875493640

1500000 Griffin23 the Ex Machina (level 13, -1/101 HPs)
             Began as a Formicid Artificer on Apr 1, 2024.
             Slain by a meat berserker
             ... wielding a +9 battleaxe
              (21 damage)
             ... in the Dungeon (Sprint VIII: "Arena of Blood").
             The game lasted 00:01:27 (15 turns).

Griffin23 the Ex Machina (Formicid Artificer)         Turns: 15, Time: 00:01:27

Health: -1/101     AC:  5    Str: 22    XL:     13   Next: 12%
Magic:  13/13      EV: 13    Int: 11    God:
Gold:   0          SH:  0    Dex: 14    Spells: 12/12 levels left

rFire   . . .        i - +∞ Axe of Woe
rCold   . . .        (no shield)
rNeg    . . .        b - +0 leather armour
rPois   .            (helmet unavailable)
rElec   .            (no cloak)
rCorr   .            (no gloves)
SInv    +            (no boots)
Will    +....        (no amulet)
Stlth   +            (no ring)
HPRegen 0.36/turn    (no ring)
MPRegen 0.13/turn

%: no passive effects
@: no status effects
A: permanent stasis, dig shafts and tunnels, antennae 3, four strong arms
a: Dig


You were in the Dungeon.
You visited 1 branch

Inventory:

Hand Weapons
 a - a +0 club
 i - the +∞ Axe of Woe (weapon)
   (You found it in the Dungeon)
Armour
 b - a +0 leather armour (worn)
Wands
 c - a wand of flame (15) (quivered)
 d - a wand of charming (15)
 e - a wand of iceblast (3)
Potions
 f - a potion of curing
 g - a potion of heal wounds
 h - 2 potions of magic


   Skills:
 + Level 9.2 Fighting
 + Level 8.1 Axes
 + Level 16.7 Armour
 + Level 6.1 Dodging
 + Level 1.2 Stealth
 O Level 27 Evocations


You had 12 spell levels left.
You didn't know any spells.
Your spell library was empty.

Dungeon Overview and Level Annotations

Branches:
Dungeon (1/1)

Altars:
Makhleb


Innate Abilities, Weirdness & Mutations

You cannot be hasted, slowed, berserked, paralysed or teleported.
You can dig through walls and to a lower floor.
You have a pair of large antennae on your head. (SInv)
Your four strong arms can wield two-handed weapons with a shield.


Message History

A bag of meat comes into view. It is wielding a +9 war axe. x2
A meat berserker comes into view. It is wielding a +9 battleaxe.
A bag of meat comes into view. It is wielding a +9 war axe.
The meat berserker moves out of view.
The bag of meat shouts! x5
You slash the meat berserker!
You pulverise the meat berserker into a thin bloody mist.
You kill the meat berserker!
You hear a shout! x2
A bag of meat comes into view. It is wielding a +9 war axe.
A large bag of meat comes into view. It is wielding a +9 giant spiked club.
The meat berserker hits you with a +9 battleaxe!!
The meat berserker rages.
A bag of meat comes into view. It is wielding a +9 war axe. x5
Your Fighting skill gained 4 levels and is now at level 9!
Your Axes skill gained 4 levels and is now at level 8!
Your Armour skill gained 4 levels and is now at level 16!
Your Dodging skill gained 2 levels and is now at level 6!
You have mastered Evocations!
You have reached level 12!
You feel stronger.
You have reached level 13!
You aren't carrying any scrolls.
Okay, then.
The bag of meat shouts! x3
You slash the meat berserker!
You fatally mangle the meat berserker.
You kill the meat berserker!
You slash the meat berserker!
You hew the meat berserker violently.
You kill the meat berserker!
You hit the bag of meat.
You cleave the bag of meat in twain.
You kill the bag of meat!
You slash the bag of meat!
You dissect the bag of meat like a pig carcass.
You kill the bag of meat!
You hear a shout! x3
The meat berserker rages.
The meat berserker hits you with a +9 battleaxe!!!
* * * LOW HITPOINT WARNING * * *
The meat berserker hits you with a +9 battleaxe!!
You die...

o..# o.oo....o
##...#.O......o
......#.o...oo..o..
...o..o.....o......
#......o.Oo...{o..o
.#.o......#.......#
....#..O).#.......#
#.O..O@###o......###.
.......))O.o.###......
.o...#..o..o.._......
...#oOo....#.....#.
#..{.......#_o<)_#
...#.....o.#.....#
..o.#........_o....
.....o......###......
.......###... o.###.


You could see a large bag of meat (inner flame), 6 meat berserkers and 24 bags
of meat.

Vanquished Creatures
  3 ogres (D)
  3 orcs (D)
6 creatures vanquished.

Notes
Turn   | Place    | Note
-------+----------+-------------------------------------------
     0 | D        | Found the +∞ Axe of Woe
     0 | D        | Griffin23 the Formicid Artificer began the quest for the
                  | Orb.
     0 | D        | Reached XP level 1. HP: 15/15 MP: 1/1
     3 | D        | Noticed a bag of meat
     3 | D        | Noticed a bag of meat
     4 | D        | Noticed a bag of meat
     5 | D        | Killed a bag of meat
     5 | D        | Noticed a bag of meat
     5 | D        | Noticed a bag of meat
     6 | D        | Reached skill level 5 in Fighting
     6 | D        | Reached skill level 23 in Evocations
     6 | D        | Reached XP level 2. HP: 28/28 MP: 2/2
     6 | D        | Reached XP level 3. HP: 34/34 MP: 3/3
     6 | D        | Reached XP level 4. HP: 40/40 MP: 4/4
     6 | D        | Reached XP level 5. HP: 46/46 MP: 5/5
     6 | D        | Reached XP level 6. HP: 52/52 MP: 6/6
     6 | D        | Reached XP level 7. HP: 57/57 MP: 7/7
     6 | D        | Reached XP level 8. HP: 64/64 MP: 8/8
     6 | D        | Reached XP level 9. HP: 69/69 MP: 9/9
     6 | D        | Reached XP level 10. HP: 76/76 MP: 10/10
     6 | D        | Reached XP level 11. HP: 81/81 MP: 11/11
     6 | D        | Noticed a bag of meat
     7 | D        | Noticed a bag of meat
     9 | D        | Noticed a bag of meat
     9 | D        | Noticed a meat berserker
     9 | D        | Noticed a bag of meat
     9 | D        | Noticed a bag of meat
     9 | D        | Noticed a meat berserker
    11 | D        | Noticed a bag of meat
    11 | D        | Noticed a bag of meat
    11 | D        | Noticed a bag of meat
    11 | D        | Noticed a bag of meat
    12 | D        | Noticed a bag of meat
    12 | D        | Noticed a meat berserker
    13 | D        | Noticed a meat berserker
    13 | D        | Noticed a bag of meat
    13 | D        | Noticed a bag of meat
    13 | D        | Noticed a bag of meat
    13 | D        | Noticed a bag of meat
    13 | D        | Noticed a bag of meat
    13 | D        | Noticed a bag of meat
    13 | D        | Noticed a meat berserker
    13 | D        | Noticed a meat berserker
    13 | D        | Noticed a meat berserker
    13 | D        | Noticed a meat berserker
    13 | D        | Noticed a bag of meat
    13 | D        | Noticed a bag of meat
    13 | D        | Noticed a meat berserker
    13 | D        | Noticed a bag of meat
    14 | D        | Killed a meat berserker
    14 | D        | Noticed a bag of meat
    14 | D        | Noticed a large bag of meat
    14 | D        | Noticed a bag of meat
    14 | D        | Noticed a bag of meat
    14 | D        | Noticed a bag of meat
    14 | D        | Noticed a bag of meat
    14 | D        | Noticed a bag of meat
    15 | D        | Reached skill level 27 in Evocations
    15 | D        | Reached XP level 12. HP: 63/95 MP: 12/12
    15 | D        | Reached XP level 13. HP: 67/101 MP: 13/13
    15 | D        | Killed a meat berserker
    15 | D        | Killed a meat berserker
    15 | D        | Killed a bag of meat
    15 | D        | Killed a bag of meat
    15 | D        | Slain by a meat berserker

Illustrated notes

Levels and vault maps discovered:
D:        meatsprint

Skill      XL: |  1  2  3  4  5  6  7  8  9 10 11 |
---------------+----------------------------------+-----
Fighting       | 5 9 |  9.2
Axes           | 4 8 |  8.1
Armour         | 12 16 | 16.7
Dodging        | 4 6 |  6.1
Evocations     | 23 27 | 27.0
Stealth        | |  1.2

Action                     |  1- 3 |  4- 6 |  7- 9 | 10-12 | 13-15 || total
---------------------------+-------+-------+-------+-------+-------++-------
  Melee: Executioner's axe |     1 |       |       |     1 |     1 ||     3
  Evoke: Wand              |     1 |       |       |     1 |       ||     2
 Armour: Leather armour    |       |       |       |     1 |     2 ||     3

Table legend: (Time is in decaauts)
 A = Elapsed time spent in this place.
 B = Non-inter-level travel time spent in this place.
 C = Inter-level travel time spent in this place.
 D = Time resting spent in this place.
 E = Time spent auto-exploring this place.
 F = Levels seen in this place.
 G = Mean time per level.
                   A        B        C        D        E       F      G
               +--------+--------+--------+--------+--------+-----+--------+
         Total |     16 |     16 |      0 |      0 |      0 |   1 |   16.0 |
       Dungeon |     16 |     16 |      0 |      0 |      0 |   1 |   16.0 |
               +--------+--------+--------+--------+--------+-----+--------+

Top non-repeatable levels by time:
       D: 16 daAuts
